 Dungeon Crawl Stone Soup version 0.21.0-3-g78d12a8bdd (webtiles) character file.

28 Kalmarka777 the Sneak (level 2, 0/13 HPs)
             Began as a Spriggan Enchanter on Jan 11, 2018.
             Slain by a jackal (2 damage)
             ... on level 1 of the Dungeon.
             The game lasted 00:01:50 (1082 turns).

Kalmarka777 the Sneak (Spriggan Enchanter)          Turns: 1082, Time: 00:01:50

Health: 0/13       AC:  2    Str:  4    XL:     2   Next: 96%
Magic:  1/6        EV: 18    Int: 16    God:
Gold:   79         SH:  0    Dex: 16    Spells: 3/6 levels left

rFire    . . .     SeeInvis +   a - +1 dagger
rCold    . . .     Gourm    .   (shield restricted)
rNeg     . . .     Faith    .   b - +0 robe
rPois    .         Spirit   .   (helmet restricted)
rElec    .         Reflect  .   (no cloak)
rCorr    .         Harm     .   (gloves unavailable)
MR       .....                  (boots unavailable)
Stlth    +++.......             (no amulet)
HPRegen  0.04/turn              (no ring)
MPRegen  0.10/turn              (no ring)

@: very quick
A: very small, unfitting armour, see invisible, herbivore, speed 3, slow
metabolism 2
a: no special abilities


You were on level 1 of the Dungeon.
You were not hungry.

You visited 1 branch of the dungeon, and saw 2 of its levels.

You collected 79 gold pieces.

Inventory:

Hand Weapons
 a - a +1 dagger (weapon)
Armour
 b - a +0 robe (worn)
Scrolls
 g - 2 scrolls of remove curse
 h - a scroll of enchant armour {unknown}
 i - a scroll of identify
Potions
 e - a potion of agility
 f - a potion of lignification {unknown}
Books
 c - a book of Maledictions

   Spells                             Type                      Level
   a - Corona                         Hexes                        1
   b - Ensorcelled Hibernation        Hexes/Ice                    2
   c - Confuse                        Hexes                        3
   d - Tukima's Dance                 Hexes                        3
   e - Dazzling Spray                 Conjuration/Hexes            3
Comestibles
 d - 2 rations


   Skills:
 * Level 0.2 Fighting
 + Level 1.4 Short Blades
 + Level 3.1 Dodging
 * Level 5.3 Stealth
 + Level 2.9 Spellcasting
 + Level 4.0 Hexes


You had 3 spell levels left.
You knew the following spells:

 Your Spells              Type           Power        Failure   Level  Hunger
a - Corona                Hex            ###....      3%          1    #......
b - Ensorcelled Hibernat  Hex/Ice        #.....       12%         2    ##.....


Dungeon Overview and Level Annotations

Branches:
Dungeon (2/15)

Altars:
Beogh

Annotations:
D:2 1 runed door


Innate Abilities, Weirdness & Mutations

You are very small and have problems with some larger weapons.
You are too small for most types of armour.
You have supernaturally acute eyesight. (SInv)
You are a herbivore.
You cover ground extremely quickly.
You need consume almost no food.


Message History

The gnoll completely misses you. The jackal misses you.
The jackal closely misses you. The jackal completely misses you.
The jackal misses you.
There is a stone staircase leading up here.
The jackal bites you but does no damage.
You climb upwards.
There is a stone staircase leading down here.
Casting: Ensorcelled Hibernation
Confirm with . or Enter, or press ? or * to list all spells.
Aiming: Ensorcelled Hibernation
Press: ? - help, Shift-Dir - straight line, f - jackal
Aim: a jackal (chance to defeat MR: 57%)
The jackal resists with significant effort.
The jackal closely misses you. The jackal bites you.
* * * LOW HITPOINT WARNING * * *
You are too injured to fight recklessly!
The jackal closely misses you. The jackal bites you.
You die...

# ######### ###########
#........ # #.........#
#.####### # #########.# #.# #
############# #.#########.#
###
............###.#.........#
#..
###########.##.h@......####
#.. ..........#.##.........#
#..
#.........#.##.........######
#>.
..######..#.###.............#
#.. ...#......#.#
#.............# #..
#..#.###..#.###.....>.......#
###
#..#.###..#.................#
#..#......#####.>...........#
#...............#############


You could see a jackal.

Vanquished Creatures
  A gnoll (D:2)
  A dart slug (D:1)
  A ball python (D:1)
  4 bats
  3 giant cockroaches (D:1)
  A hobgoblin (D:1)
  2 frilled lizards (D:1)
  2 kobolds (D:1)
  2 rats (D:1)
17 creatures vanquished.

Notes
Turn   | Place    | Note
-------+----------+-------------------------------------------
     0 | D:1      | Kalmarka777 the Spriggan Enchanter began the quest for the Orb.
     0 | D:1      | Reached XP level 1. HP: 9/9 MP: 5/5
    71 | D:1      | Noticed an orc wizard
    72 | D:1      | Found a roughly hewn altar of Beogh.
    72 | D:1      | Noticed an orc warrior
   254 | D:1      | Reached XP level 2. HP: 11/13 MP: 6/6
   258 | D:1      | Learned a level 2 spell: Ensorcelled Hibernation
  1003 | D:2      | Reached skill level 5 in Stealth
  1023 | D:2      | Found a runed door.
  1082 | D:1      | Slain by a jackal

Skill      XL: |  1  2 |
---------------+-------+-----
Stealth        | 5 |  5.3
Hexes          | 4 |  4.0
Fighting       | |  0.2
Short Blades   | |  1.4
Dodging        | |  3.1
Spellcasting   | |  2.9

Action                   || total
-------------------------++-------
Melee: Dagger            ||    47
 Cast: Ensorcelled Hiber ||     8
  Use: Scroll            ||     2
       Potion            ||     2
 Stab: Sleeping          ||    13
Armor: Robe              ||     7
Dodge: Dodged            ||    38
